 Dungeon Crawl Stone Soup version 0.21-a0-404-g291f19a (webtiles) character file.

17 drevant the Grasshopper (level 2, 0/28 HPs)
             Began as a Halfling Warper on Oct 27, 2017.
             Succumbed to an adder's poison
             ... on level 2 of the Dungeon.
             The game lasted 00:07:39 (1319 turns).

drevant the Grasshopper (Halfling Warper)           Turns: 1319, Time: 00:07:40

Health: 0/28       AC:  3    Str: 17    XL:     2   Next: 80%
Magic:  4/4        EV: 14    Int: 11    God:
Gold:   12         SH:  0    Dex: 13    Spells: 0/4 levels left

rFire    . . .     SeeInvis .   a - +0 short sword
rCold    . . .     Gourm    .   (shield restricted)
rNeg     . . .     Faith    .   b - +0 leather armour
rPois    .         Spirit   .   (no helmet)
rElec    .         Reflect  .   (no cloak)
rCorr    .         Harm     .   (no gloves)
MR       .....                  (no boots)
Stlth    ..........             (no amulet)
HPRegen  0.09/turn              (no ring)
MPRegen  0.09/turn              (no ring)

@: berserking, lethally poisoned (0 -> -8), hasted, very quick
A: mutation resistance 1
a: no special abilities


You were on level 2 of the Dungeon.
You were not hungry.

You visited 1 branch of the dungeon, and saw 2 of its levels.

You collected 12 gold pieces.

Inventory:

Hand Weapons
 a - a +0 short sword (weapon)
 r - a +0 rapier
Missiles
 e - 5 tomahawks of dispersal
 m - 5 tomahawks (quivered)
 p - 26 stones
Armour
 b - a +0 leather armour (worn)
Jewellery
 o - an uncursed ring of wizardry {unknown}
Scrolls
 d - a scroll of blinking
 h - a scroll of enchant weapon {unknown}
 i - a scroll of random uselessness {unknown}
 l - a scroll of remove curse {unknown}
Potions
 g - a potion of cancellation
 n - a potion of curing {unknown}
Books
 c - a book of Spatial Translocations

   Spells                             Type                      Level
   a - Blink                          Translocation                2
   b - Shroud of Golubria             Charms/Translocation         2
   c - Lesser Beckoning               Translocation                3
   d - Gell's Gravitas                Translocation                3
   e - Teleport Other                 Translocation                3
   f - Passage of Golubria            Translocation                4
Comestibles
 f - 2 bread rations
 q - a chunk of flesh


   Skills:
 + Level 2.0 Fighting
 * Level 2.9 Short Blades
 - Level 1.0 Throwing
 - Level 1.1 Armour
 + Level 2.5 Dodging
 - Level 1.8 Spellcasting
 + Level 0.0 Charms
 + Level 3.3 Translocations


You couldn't memorise any spells.
You knew the following spells:

 Your Spells              Type           Power        Failure   Level  Hunger
a - Blink                 Tloc           N/A          14%         2    ###....
b - Shroud of Golubria    Chrm/Tloc      #.........   26%         2    ###....


Dungeon Overview and Level Annotations

Branches:
Dungeon (2/15)

Altars:


Innate Abilities, Weirdness & Mutations

You are small and have problems with some larger weapons.
You are somewhat resistant to further mutation.


Message History

You hit the adder but do no damage.
You feel sick. The adder barely misses you.
You hit the adder.
The adder is lightly wounded.
The adder barely misses you. The adder bites you.
You are lethally poisoned!
The adder poisons you!
You hit the adder but do no damage.
The adder is lightly wounded.
You feel sick. The adder barely misses you.
It was a potion of cancellation.
You feel magically purged.
You feel sick. The adder closely misses you.
It was a potion of haste.
You feel yourself speed up.
You feel sick. The adder closely misses you. The adder bites you.
* * * LOW HITPOINT WARNING * * *
It was a potion of berserk rage.
A red film seems to cover your vision as you go berserk!
You feel yourself moving faster!
You feel mighty!
Your leather armour prevents you from hitting the adder.
The adder is lightly wounded.
You die...

#....8.....
...8_8... ...8...#
##. ###...S.# K. #..
#......##### #.# #..
#......!...# .. #..
#....(# #.# #.###
#.....#####.#
..g##..# #.#.#
#.....S@....#
#...r.. #...#
###....(####### #<
##...###...........#
##
#.....##.......###.#
..>............#
...............#
........########
..............
#.....########


You could see an adder.

Vanquished Creatures
  2 bats (D:1)
  A giant cockroach (D:2)
  A goblin (D:1)
  2 hobgoblins (D:1)
  5 jackals (D:1)
  2 kobolds
  A rat (D:1)
14 creatures vanquished.

Notes
Turn   | Place    | Note
-------+----------+-------------------------------------------
     0 | D:1      | drevant the Halfling Warper began the quest for the Orb.
     0 | D:1      | Reached XP level 1. HP: 14/14 MP: 3/3
   523 | D:1      | Reached XP level 2. HP: 19/19 MP: 4/4
  1188 | D:1      | Learned a level 2 spell: Blink
  1191 | D:1      | Learned a level 2 spell: Shroud of Golubria
  1263 | D:2      | Found a faded altar of an unknown god.
  1319 | D:2      | Succumbed to an adder's poison

Vault maps used:
D:1:      minmay_arrival_wavy_path
D:2:      lemuel_crystal_altar, first_bread, serial_curves, eino_curves_01,
          eino_curves_04, chequers_ecumenical_altar_simple,
          nicolae_ru_path_of_blood

Skill      XL: |  1  2 |
---------------+-------+-----
Fighting       | 2 |  2.0
Short Blades   | |  2.9
Throwing       | |  1.0
Armour         | |  1.1
Dodging        | |  2.5
Spellcasting   | |  1.8
Translocations | |  3.3

Action                   || total
-------------------------++-------
Melee: Short sword       ||    80
  Use: Potion            ||     3
  Eat: Chunk             ||     1
Armor: Leather armour    ||    14
Dodge: Dodged            ||    63

Table legend:
 A = Spawn XP
 B = Non-spawn XP
 C = Spawn XP percentage of total XP
 D = Spawn monster count
 E = Non-spawn monster count
 F = Spawn count percentage of total count
 G = Total turns spent on level
                    A         B        C        D         E        F      G
               +---------+---------+-------+---------+---------+-------+---------
         Total |       0 |      25 |   0.0 |       0 |      14 |   0.0 |  1319
               +---------+---------+-------+---------+---------+-------+---------
           D:1 |       0 |      21 |   0.0 |       0 |      12 |   0.0 |  1236
           D:2 |       0 |       4 |   0.0 |       0 |       2 |   0.0 |    83
               +---------+---------+-------+---------+---------+-------+---------
